 Dungeon Crawl Stone Soup version 0.19-a0-1037-g36c65c9 (webtiles) character file.

67 rageheart7 the Slasher (level 4, 0/34 HPs)
             Began as a Human Gladiator on July 30, 2016.
             Slain by an orc
             ... wielding a +0 morningstar
              (7 damage)
             ... while paralysed by Grinder
             ... on level 3 of the Dungeon.
             The game lasted 00:02:21 (1520 turns).

rageheart7 the Slasher (Human Gladiator)            Turns: 1520, Time: 00:02:21

Health: 0/34       AC:  4    Str: 17    XL:     4   Next: 40%
Magic:  4/4        EV:  2    Int:  8    God:
Gold:   34         SH:  0    Dex: 13    Spells: 0 memorised, 3 levels left

rFire  . . .     SeeInvis .     a - +0 long sword
rCold  . . .     Gourm    .     b - +0 leather armour
rNeg   . . .     Faith    .     (no shield)
rPois  .         Spirit   .     c - +0 helmet
rElec  .         Dismiss  .     (no cloak)
rCorr  .         Reflect  .     (no gloves)
SustAt .         Harm     .     (no boots)
MR     .....                    (no amulet)
Stlth  +.........               (no ring)
                                o - +3 ring of evasion

@: paralysed, not resistant to hostile enchantments, very unstealthy
A: no striking features
a: no special abilities


You were on level 3 of the Dungeon.
You were not hungry.

You visited 1 branch of the dungeon, and saw 3 of its levels.

You collected 34 gold pieces.

Inventory:

Hand Weapons
 a - a +0 long sword (weapon)
Missiles
 d - 3 throwing nets (quivered)
 r - 7 tomahawks
Armour
 b - a +0 leather armour (worn)
 c - a +0 helmet (worn)
Jewellery
 o - a +3 ring of evasion (left hand)
Scrolls
 e - 2 scrolls of identify {unknown}
 k - a scroll of immolation {unknown}
 m - a scroll of recharging {unknown}
 n - a scroll of random uselessness {unknown}
 p - a scroll of fear {unknown}
 s - a scroll of enchant weapon {unknown}
 t - a scroll of enchant armour {unknown}
Potions
 g - a potion of experience {unknown}
 h - a potion of beneficial mutation {unknown}
 i - 2 potions of ambrosia {unknown}
 l - a potion of haste {unknown}
 q - a potion of cure mutation {unknown}
 v - a potion of invisibility {unknown}
 w - a potion of berserk rage {unknown}
Comestibles
 f - 3 bread rations
 j - a beef jerky
 u - a chunk of flesh


   Skills:
 * Level 2.3 Fighting
 * Level 4.3 Long Blades
 - Level 2.0 Throwing
 - Level 0.2 Armour
 - Level 3.4 Dodging


You had 3 spell levels left.
You didn't know any spells.

Dungeon Overview and Level Annotations

Branches:
Dungeon (3/15)

Altars:
Cheibriados

Annotations:
D:3 Grinder


Message History

You see here a club.
HP restored.
w - a glowing golden potion Grinder comes into view.
Grinder shouts!
An orc comes into view. It is wielding a morningstar.
The orc shouts!
Grinder blinks!
You closely miss the orc. The orc closely misses you.
You completely miss the orc. The orc completely misses you.
Grinder gestures at you.
You suddenly lose the ability to move!
The orc hits you with a morningstar. x2
Grinder hits you.
You writhe in agony.
The orc hits you with a morningstar!
* * * LOW HITPOINT WARNING * * *
Grinder hits you.
* * * LOW HITPOINT WARNING * * *
You writhe in agony. x2
Grinder hits you but does no damage. The orc hits you with a morningstar!
You die...

... ... ...
############### #.#
#.............# #.#
#.............# #.#
#.............#
####.###........@5...#
.................o......
....####.###########....
##.....#.# ...
.#.###.#.# . .#.....#.#
.......#.# .####.##.#
..# #....#


You could see Grinder and an orc.

Vanquished Creatures
  2 adders (D:2)
  2 oozes (D:2)
  A dart slug (D:2)
  2 bats (D:1)
  3 giant cockroaches
  7 goblins
  9 hobgoblins
  A ball python (D:2)
  5 kobolds
  4 rats
36 creatures vanquished.

Notes
Turn   | Place    | Note
-------+----------+-------------------------------------------
     0 | D:1      | rageheart7 the Human Gladiator began the quest for the Orb.
     0 | D:1      | Reached XP level 1. HP: 16/16 MP: 1/1
    67 | D:1      | Reached XP level 2. HP: 15/22 MP: 2/2
   623 | D:2      | Reached XP level 3. HP: 27/27 MP: 3/3
   951 | D:2      | Found a snail-covered altar of Cheibriados.
   976 | D:2      | Reached skill level 4 in Long Blades
  1010 | D:2      | Reached XP level 4. HP: 33/33 MP: 4/4
  1510 | D:3      | Noticed Grinder
  1515 | D:3      | Paralysed by Grinder for 7 turns
  1520 | D:3      | Slain by an orc

Vault maps used:
D:1:      minmay_arrival_up_and_down, minmay_misc_feat_rugged
D:2:      kennysheep_slug_shrine
D:3:      ecumenical_altar_1, uniq_grinder

Skill      XL: |  1  2  3 |
---------------+----------+-----
Long Blades    | 4 |  4.3
Fighting       | |  2.3
Throwing       | |  2.0
Armour         | |  0.2
Dodging        | |  3.4

Action                   |  1- 3 |  4- 6 || total
-------------------------+-------+-------++-------
Melee: Long sword        |    75 |    20 ||    95
 Stab: Sleeping          |       |     1 ||     1
  Eat: Chunk             |       |     2 ||     2
Armor: Leather armour    |    14 |     3 ||    17
Dodge: Dodged            |    43 |    13 ||    56
